 Dungeon Crawl Stone Soup version 0.27.1-3-gb3d3a73c9e (webtiles) character file.

Game seed: 4133929223668700037

1 Atelerd the Digger (level 1, -1/11 HPs)
             Began as an Octopode Earth Elementalist on Oct 12, 2021.
             Slain by a frilled lizard (3 damage)
             ... on level 1 of the Dungeon.
             The game lasted 00:00:06 (16 turns).

Atelerd the Digger (Octopode Earth Elementalist)      Turns: 16, Time: 00:00:06

Health: -1/11      AC:  1    Str:  7    XL:     1   Next: 20%
Magic:  1/3        EV: 13    Int: 17    God:
Gold:   0          SH:  0    Dex: 12    Spells: 3/4 levels left

rFire    . . .     SeeInvis .   (no weapon)
rCold    . . .     Faith    .   (no shield)
rNeg     . . .     Spirit   .   (helmet restricted)
rPois    .         Reflect  .   (no amulet)
rElec    .         Harm     .   (no ring)
rCorr    .         Rampage  .   (no ring)
Will     .....                  (no ring)
Stlth    +++.......             (no ring)
HPRegen  0.03/turn              (no ring)
MPRegen  0.08/turn              (no ring)
                                (no ring)
                                (no ring)

@: no status effects
A: almost no armour, amphibious, 8 rings, camouflage 1, gelatinous body 1,
(nimble swimmer 1), tentacles
a: no special abilities


You were on level 1 of the Dungeon.
You visited 1 branch of the dungeon, and saw 1 of its levels.

Inventory:

Missiles
 b - 28 stones


   Skills:
 - Level 2.0 Dodging
 * Level 2.8 Stealth
 + Level 2.0 Spellcasting
 + Level 1.0 Transmutations
 + Level 3.0 Earth Magic


You had 3 spell levels left.
You knew the following spells:

 Your Spells              Type           Power      Damage    Failure   Level
a - Sandblast             Erth           24%        2d8       5%          1

Your spell library contained the following spells:

 Spells                   Type           Power      Damage    Failure   Level
 Passwall                 Tmut/Erth      6%         N/A       13%         2
 Stone Arrow              Conj/Erth      12%        3d7       30%         3
 Petrify                  Tmut/Erth      8%         N/A       63%         4


Dungeon Overview and Level Annotations

Branches:
Dungeon (1/15)

Altars:


Innate Abilities, Weirdness & Mutations

You cannot wear most types of armour.
You are amphibious.
You can wear up to eight rings at the same time.
Your skin changes colour to match your surroundings (Stealth+).
Your rubbery body absorbs attacks. (AC +1, EV +1)
((You are camouflaged near water. (Stealth+)))
You have tentacles for arms and can constrict up to eight enemies at once.


Message History

A hobgoblin is nearby!
The hobgoblin shouts!
A hobgoblin is nearby!
A hobgoblin is nearby!
An endoplasm comes into view.
A frilled lizard comes into view.
A kobold comes into view. It is wielding a +0 whip.
There are monsters nearby!
The kobold shouts!
You tentacle-slap the hobgoblin but do no damage.
Your grab misses the hobgoblin.
You hear an angry hiss.
You hear a bark!
The hobgoblin hits you.
The blast of sand hits the hobgoblin.
The hobgoblin is almost dead.
The hobgoblin misses you.
There are monsters nearby!
You tentacle-slap the hobgoblin but do no damage.
Your grab misses the hobgoblin.
The hobgoblin is almost dead.
The hobgoblin barely misses you.
The blast of sand hits the hobgoblin.
You kill the hobgoblin!
You miss the frilled lizard. Your grab misses the frilled lizard.
The frilled lizard bites you. The kobold hits you with a +0 whip.
Ouch! That really hurt!
* * * LOW HITPOINT WARNING * * *
There are monsters nearby!
You are too injured to fight recklessly!
You are too injured to fight recklessly!
There are monsters nearby!
You are too injured to fight recklessly!
You are too injured to fight recklessly!
There are monsters nearby!
You are too injured to fight recklessly!
There are monsters nearby!
You are too injured to fight recklessly!
You are too injured to fight recklessly!
A frilled lizard comes into view.
The frilled lizard bites you.
You die...

... ...
#####.#
########...l.
#.....##..†#
#.....##.≈.#
#.....##.≈.#
#.....'..lK#
#.....##@≈.#
#.....##...#
#..<..##...#
#.....##.8.#
########...#
#####


You could see a kobold and 2 frilled lizards.

Vanquished Creatures
  A hobgoblin (D:1)
1 creature vanquished.

Notes
Turn   | Place    | Note
-------+----------+-------------------------------------------
     0 | D:1      | Atelerd the Octopode Earth Elementalist began the quest for
                  | the Orb.
     0 | D:1      | Reached XP level 1. HP: 11/11 MP: 3/3
    16 | D:1      | Slain by a frilled lizard

Illustrated notes

Levels and vault maps discovered:
D:1:      dpeg_arrival_rooms_c, layout_rooms, basic_ecumenical_altar,
          serial_forest, infiniplex_forest_clump_C, infiniplex_forest_lined_1,
          infiniplex_forest_fountain, infiniplex_forest_lined_3,
          infiniplex_forest_clump_tiny, infiniplex_forest_straight_4,
          infiniplex_forest_straight_1, chequers_serial_rivers_marsh,
          minmay_misc_feat_square

Action                   || total
-------------------------++-------
Melee: Unarmed           ||     3
 Cast: Sandblast         ||     2
Dodge: Dodged            ||     2
